 Dungeon Crawl Stone Soup version 0.26.1-11-gd32895ea62 (webtiles) character file.

Game seed: 17935340241259391710

30 eooof the Skirmisher (level 3, 0/35 HPs)
             Began as a Gnoll Abyssal Knight on May 25, 2021.
             Was a Believer of Lugonu.
             Slain by an orc
             ... wielding a +0 whip
              (3 damage)
             ... on level 3 of the Dungeon.
             The game lasted 00:08:37 (1234 turns).

eooof the Skirmisher (Gnoll Abyssal Knight)         Turns: 1234, Time: 00:08:38

Health: 0/35       AC:  3    Str: 15    XL:     3   Next: 18%
Magic:  6/6        EV: 12    Int: 14    God:    Lugonu [**....]
Gold:   71         SH:  0    Dex: 14    Spells: 3/3 levels left

rFire    . . .     SeeInvis .   m - -1 dagger (curse)
rCold    . . .     Faith    .   (no shield)
rNeg     . . .     Spirit   .   c - +0 leather armour
rPois    .         Reflect  .   (no helmet)
rElec    .         Harm     .   (no cloak)
rCorr    .         Rampage  .   (no gloves)
Will     .....                  (no boots)
Stlth    +.........             (no amulet)
HPRegen  0.11/turn              (no ring)
MPRegen  0.10/turn              (no ring)

@: no status effects
A: distributed training, fangs 1, strong nose
a: Renounce Religion, Depart the Abyss, Bend Space


You were on level 3 of the Dungeon.
You worshipped Lugonu.
Lugonu was pleased with you.
You visited 1 branch of the dungeon, and saw 3 of its levels.
You visited the Abyss 1 time.

You collected 71 gold pieces.

Inventory:

Hand Weapons
 a - a +1 falchion
 g - a +0 hunting sling
 j - a +0 mace
 k - a +0 whip
 m - a cursed -1 dagger (weapon)
 o - a +0 short sword
Missiles
 h - 7 poisoned darts (quivered)
 n - 45 arrows
Armour
 b - a +0 leather armour
 c - a +0 leather armour (worn)
 i - a +0 leather armour
Scrolls
 d - a scroll of identify
 e - a scroll of fog
 l - a scroll of fear {unknown}


   Skills:
 + Level 6.5 Fighting
 + Level 0.6 Short Blades
 + Level 4.5 Long Blades
 + Level 0.6 Axes
 + Level 0.6 Maces & Flails
 + Level 0.6 Polearms
 + Level 0.6 Staves
 + Level 0.6 Slings
 + Level 0.6 Bows
 + Level 0.6 Crossbows
 + Level 0.6 Throwing
 + Level 4.5 Armour
 + Level 2.5 Dodging
 + Level 0.6 Stealth
 + Level 0.6 Shields
 + Level 0.6 Unarmed Combat
 + Level 0.6 Spellcasting
 + Level 0.4 Conjurations
 + Level 0.4 Hexes
 + Level 0.4 Summonings
 + Level 0.4 Necromancy
 + Level 0.4 Translocations
 + Level 0.4 Transmutations
 + Level 0.4 Fire Magic
 + Level 0.4 Ice Magic
 + Level 0.4 Air Magic
 + Level 0.4 Earth Magic
 + Level 0.4 Poison Magic
 + Level 4.5 Invocations
 + Level 0.6 Evocations


You had 3 spell levels left.
You didn't know any spells.
Your spell library was empty.

Dungeon Overview and Level Annotations

Branches:
Dungeon (3/15)

Altars:


Innate Abilities, Weirdness & Mutations

Your experience applies equally to all skills.
You have very sharp teeth.
Your uncanny sense of smell can sniff out nearby items.


Message History

An orc comes into view. It is wielding a +1 vorpal hand axe.
The orc wizard casts a spell.
The orc wizard blinks!
The orc shouts!
A hobgoblin comes into view. It is wielding a +0 club.
The orc wizard points at you and mumbles some strange words.
The magic dart hits you.
* * * LOW HITPOINT WARNING * * *
The orc closely misses you.
The orc wizard points at you and mumbles some strange words.
The magic dart hits you.
* * * LOW HITPOINT WARNING * * *
The orc wizard casts a spell.
The orc wizard blinks!
There is an escape hatch in the floor here.
You see here a stone.
Things that are here:
a cursed -3 dagger; a +0 chain mail The orc hits you with a +0 whip.
You die...

..........# #.# #.#
...<....g.#####.# #.#
#........o.oo.oo# #.#
#########
###############o#
##.###........ . #)#
#...##.####### .
####.# #.....)# #####
. #...o# ##...#..#
#.... .#
####o###.......#
#.### #.@.....##.##
#.# #
#.###.#.##.####.###
#..[ #.#..>.........
#.......####.####.###
#.$.....## #.# #....
.......... #.# #..##
#.#......... ..#
..##.....#### ###


You could see an orc wizard and 4 orcs.

Vanquished Creatures
  A worm (D:3)
  A dart slug (D:1)
  2 leopard geckos
  An orc (D:3)
  A ball python (D:3)
  3 giant cockroaches
  A hobgoblin (D:3)
  A jackal (D:3)
  A kobold (D:3)
  A quokka (D:3)
  2 bats (D:1)
  2 frilled lizards
  A goblin (D:1)
  3 rats
21 creatures vanquished.

Vanquished Creatures (others)
  A bat (D:3)
1 creature vanquished.

Grand Total: 22 creatures vanquished

Notes
Turn   | Place    | Note
-------+----------+-------------------------------------------
     0 | Abyss:1  | eooof the Gnoll Abyssal Knight began the quest for the Orb.
     0 | Abyss:1  | Reached XP level 1. HP: 23/23 MP: 3/3
    28 | Abyss:1  | Noticed a spatial vortex
    28 | Abyss:1  | Noticed a spatial vortex
    28 | Abyss:1  | Noticed a spatial vortex
    28 | Abyss:1  | Noticed a spatial vortex
    28 | Abyss:1  | Noticed a spatial vortex
    28 | Abyss:1  | Noticed a spatial vortex
    33 | Abyss:1  | Noticed a spatial vortex
    33 | Abyss:1  | Noticed a spatial vortex
    33 | Abyss:1  | Noticed a spatial vortex
    33 | Abyss:1  | Noticed a spatial vortex
    38 | Abyss:1  | Noticed a spatial vortex
    38 | Abyss:1  | Noticed a spatial vortex
    38 | Abyss:1  | Noticed a spatial vortex
    38 | Abyss:1  | Noticed a spatial vortex
    38 | Abyss:1  | Noticed a spatial vortex
    42 | Abyss:1  | Noticed a spatial vortex
    42 | Abyss:1  | Noticed a spatial vortex
    42 | Abyss:1  | Noticed a spatial vortex
    42 | Abyss:1  | Noticed a spatial vortex
    43 | Abyss:1  | Found a corrupted altar of Lugonu.
    68 | D:1      | Escaped the Abyss
   394 | D:1      | Reached XP level 2. HP: 25/29 MP: 5/5
   580 | D:3      | Reached ** piety under Lugonu
   685 | D:3      | HP: 1/29 [jackal (1)]
  1062 | D:3      | Reached XP level 3. HP: 35/35 MP: 6/6
  1109 | D:3      | HP: 1/35 [worm (8)]
  1215 | D:3      | HP: 1/35 [orc wizard/magic dart (5)]
  1234 | D:3      | Slain by an orc

Illustrated notes

Levels and vault maps discovered:
D:1:      zaba_arrival_water, layout_rooms, minmay_misc_feat_columns
D:2:      layout_loops_ring, kennysheep_minor_cross, minmay_stone_trees_small
D:3:      layout_loops_ring, grunt_temple_overflow_holy_war, minmay_fountain_box

Action                   || total
-------------------------++-------
Melee: Falchion          ||    51
       Bite              ||     8
       Dagger            ||    15
Throw: Dart              ||    12
  Use: Scroll            ||     3
       Potion            ||     3
 Stab: Sleeping          ||     1
Armor: Leather armour    ||    19
Dodge: Dodged            ||    66
       Rpst.: Falchion   ||    20
